Map: Eternal Empire LE

Players

PtitDrogo

  • Race: Protoss Protoss
  • Spawn Location: 7:00

HeroMarine - Winner!

  • Race: Terran Terran
  • League: Master
  • Spawn Location: 1:00

Event: DreamHack SC2 Masters 2020 Fall

VOD

Have the link to the VOD?

Description

Time

  • Played on: Sept. 8, 2020, 3:43 p.m.
  • Length: 13:58

All games in this series

Show
View Real Time Build Order
Export as new Build Order

PtitDrogo Protoss 

Build Orders: 1 Gate Expand, Blink Stalkers, Zealot Archon, Colossus Rush 

Get SALT Encoding   

  12  0:00  Probe  
  13  0:12  Probe  
  14  0:17  Pylon  
  14  0:24  Probe  
  15  0:35  Gateway  
  15  0:36  Probe (Chrono Boost)  
  16  0:45  Probe (Chrono Boost)  
  16  0:46  Assimilator  
  17  0:51  Probe  
  18  1:03  Probe  
  19  1:15  Probe  
  20  1:22  Cybernetics Core  
  20  1:31  Nexus  
  20  1:39  Pylon  
  20  1:41  Probe  
  20  1:47  Assimilator  
  21  1:53  Probe  
  22  1:55  Adept (Chrono Boost)  
  24  2:03  Shield Battery  
  24  2:06  Probe  
  25  2:08  Warp Gate  
  25  2:16  Adept (Chrono Boost)  
  25  2:21  Probe  
  28  2:33  Probe  
  29  2:41  Adept  
  31  2:44  Probe (Chrono Boost), Twilight Council  
  33  2:55  Probe x2 (Chrono Boost)  
  34  3:08  Probe (Chrono Boost)  
  34  3:09  Probe (Chrono Boost)  
  36  3:14  Robotics Facility  
  36  3:19  Probe (Chrono Boost)  
  38  3:21  Probe (Chrono Boost), Blink (Chrono Boost)  
  38  3:24  Probe (Chrono Boost)  
  39  3:27  Gateway  
  39  3:31  Gateway  
  39  3:32  Probe  
  40  3:38  Probe  
  41  3:44  Probe (Chrono Boost)  
  41  3:46  Pylon  
  42  3:50  Probe (Chrono Boost)  
  42  3:54  Gateway  
  43  4:01  Observer  
  43  4:02  Probe x2 (Chrono Boost)  
  46  4:05  Assimilator  
  46  4:06  Assimilator  
  46  4:09  Probe x2 (Chrono Boost)  
  47  4:12  Stalker  
  47  4:15  Pylon  
  50  4:19  Pylon  
  50  4:23  Stalker  
  53  4:24  Observer (Chrono Boost)  
  53  4:33  Stalker  
  53  4:34  Probe  
  53  4:36  Probe  
  57  4:46  Probe  
  57  4:48  Probe  
  57  4:49  Stalker  
  57  4:50  Nexus  
  57  4:52  Pylon  
  61  4:58  Probe, Stalker  
  64  5:00  Probe  
  64  5:04  Robotics Bay  
  65  5:10  Probe  
  65  5:13  Probe (Chrono Boost)  
  67  5:21  Forge x2  
  67  5:22  Probe (Chrono Boost)  
  69  5:31  Probe (Chrono Boost)  
  69  5:32  Probe (Chrono Boost)  
  69  5:33  Stalker  
  69  5:34  Sentry x2  
  76  5:37  Probe x2 (Chrono Boost), Pylon  
  76  5:42  Charge  
  78  5:54  Probe, Colossus (Chrono Boost)  
  78  5:55  Probe  
  78  5:56  Observer  
  79  5:58  Protoss Ground Weapons Level 1  
  79  6:01  Protoss Ground Armor Level 1  
  79  6:03  Probe  
  86  6:06  Probe  
  86  6:07  Probe  
  88  6:11  Gateway  
  88  6:13  Gateway x2  
  88  6:15  Probe  
  89  6:18  Probe  
  89  6:21  Extended Thermal Lance  
  91  6:25  Probe  
  91  6:27  Probe  
  91  6:28  Pylon  
  91  6:30  Probe  
  93  6:32  Colossus (Chrono Boost)  
  93  6:35  Pylon  
  99  6:40  Assimilator  
  99  6:41  Assimilator  
  99  6:43  Pylon  
  99  6:48  Gateway x2  
  99  6:55  Probe x2  
  99  6:59  Templar Archives  
  99  7:00  Pylon  
  99  7:01  Photon Cannon  
  101  7:02  Zealot x2  
  101  7:04  Observer  
  105  7:12  Colossus (Chrono Boost)  
  111  7:19  Stalker x3, Zealot  
  119  7:31  Pylon, Zealot x2  
  123  7:42  Shield Battery, High Templar x2  
  123  7:43  Zealot x3  
  133  7:45  Pylon  
  133  7:46  Pylon, Archon  
  133  7:52  Warp Prism (Chrono Boost)  
  135  7:59  Zealot x3  
  135  8:01  Gravitic Drive  
  135  8:13  Protoss Ground Weapons Level 2 (Chrono Boost), Protoss Ground Armor Level 2 (Chrono Boost)  
  135  8:15  Probe  
  133  8:27  High Templar x2  
  133  8:28  Zealot x5, Nexus  
  133  8:32  Archon, Zealot  
  149  8:37  Disruptor (Chrono Boost)  
  149  8:39  Pylon  
  152  8:52  Zealot x5  
  136  8:57  Zealot  
  114  9:07  Zealot x3  
  92  9:14  High Templar x2  
  92  9:15  High Templar x2  
  84  9:20  Archon  
  84  9:21  Archon, Gateway  
  84  9:23  Gateway  
  84  9:27  Immortal (Chrono Boost)  
  88  9:31  Sentry  
  88  9:32  Zealot x2  
  94  9:40  Robotics Facility  
  94  9:45  Shield Battery  
  94  9:48  Assimilator  
  94  9:49  Photon Cannon  
  94  9:52  Assimilator  
  94  9:53  Probe x2  
  94  9:54  Probe x2  
  94  9:57  Colossus (Chrono Boost)  
  94  9:59  High Templar  
  106  10:00  Zealot x2, High Templar  
  106  10:05  Probe  
  106  10:06  Probe  
  114  10:08  Archon  
  114  10:09  Stalker x3  
  114  10:14  Zealot  
  122  10:17  Zealot x2  
  126  10:26  High Templar x2  
  127  10:30  Archon  
  127  10:38  Disruptor (Chrono Boost)  
  127  10:40  Protoss Ground Weapons Level 3 (Chrono Boost)  
  127  10:42  Zealot x5  
  136  10:46  Protoss Ground Armor Level 3 (Chrono Boost)  
  136  10:48  Pylon  
  136  10:49  Disruptor (Chrono Boost)  
  143  10:51  Zealot x3  
  148  11:00  Zealot x2  
  142  11:09  Colossus (Chrono Boost)  
  144  11:15  Zealot x4  
  144  11:17  Probe x2  
  148  11:33  Stalker x2  
  150  11:44  Stalker x3, Zealot x5  
  165  11:55  Disruptor (Chrono Boost)  
  165  11:57  Disruptor (Chrono Boost)  
  168  12:07  High Templar x3  
  168  12:08  Zealot x2, High Templar  
  176  12:10  Dark Shrine  
  176  12:11  Archon x2  
  180  12:24  Pylon  
  179  12:30  Pylon  
  179  12:32  Pylon  
  179  12:34  Pylon  
  129  12:59  Zealot x4  
  129  13:00  Zealot x2  
  139  13:08  High Templar x2  
  139  13:09  Disruptor x2 (Chrono Boost)  
  139  13:10  Nexus  
  139  13:12  Pylon, Archon  
  149  13:14  Assimilator  
  149  13:28  Pylon, High Templar x4  
  149  13:29  Zealot x2  
  161  13:36  Archon x2  
  161  13:40  Zealot x2  
  113  13:52  Stalker x2  
  113  13:53  Stalker  
Show
View Real Time Build Order
Export as new Build Order

HeroMarine Terran - Winner!

Build Orders: Reaper Expand 

Get SALT Encoding   

  12  0:00  SCV  
  13  0:12  SCV  
  14  0:17  Supply Depot  
  14  0:24  SCV  
  15  0:38  SCV  
  15  0:40  Barracks  
  16  0:44  Refinery  
  16  0:51  SCV  
  17  1:03  SCV  
  18  1:15  SCV  
  19  1:27  Reaper, Orbital Command  
  20  1:40  Command Center  
  20  1:50  Supply Depot  
  20  1:53  SCV  
  21  1:59  Marine  
  22  2:05  SCV  
  23  2:08  Factory  
  23  2:16  Bunker  
  23  2:17  SCV  
  23  2:18  Marine  
  25  2:29  SCV  
  26  2:37  Barracks Reactor  
  26  2:41  SCV  
  27  2:53  SCV  
  27  2:55  Command Center  
  28  3:03  Hellion  
  28  3:04  Orbital Command  
  29  3:07  SCV  
  29  3:13  Marine x2  
  29  3:16  Refinery  
  29  3:19  SCV  
  32  3:24  Factory Tech Lab  
  32  3:31  SCV, Marine x2  
  32  3:33  SCV  
  36  3:42  Cyclone  
  36  3:43  SCV  
  36  3:46  SCV  
  41  3:48  Marine  
  41  3:49  Marine  
  41  3:55  SCV  
  44  3:58  SCV  
  44  3:59  Barracks  
  44  4:02  Engineering Bay  
  45  4:06  Marine x2  
  45  4:07  SCV  
  48  4:10  SCV  
  48  4:12  Orbital Command  
  49  4:19  Siege Tank  
  49  4:22  SCV x2  
  54  4:26  Barracks  
  54  4:27  Marine x2  
  56  4:34  Terran Infantry Weapons Level 1  
  56  4:35  SCV x2  
  58  4:39  SCV  
  59  4:47  Supply Depot, Barracks Tech Lab  
  59  4:50  Supply Depot  
  57  4:53  Siege Tank  
  57  4:54  SCV  
  61  5:06  SCV x2, Marine x2  
  61  5:07  Marauder, Stimpack, Refinery x2  
  65  5:09  Supply Depot  
  65  5:11  SCV  
  68  5:18  SCV x2  
  68  5:21  Starport  
  70  5:23  SCV  
  70  5:24  Marine x2  
  70  5:27  Orbital Command  
  73  5:30  SCV, Factory Reactor  
  73  5:34  Marauder x2  
  73  5:35  SCV  
  79  5:42  Marine x2  
  81  5:43  SCV  
  81  5:47  SCV  
  83  5:52  Barracks  
  83  5:53  Barracks  
  83  5:55  SCV, Marauder x2  
  88  5:58  SCV  
  88  5:59  SCV  
  88  6:01  Supply Depot  
  90  6:04  Supply Depot  
  90  6:07  SCV  
  90  6:10  SCV, Combat Shield  
  92  6:11  SCV  
  92  6:17  Factory Reactor  
  93  6:21  Supply Depot  
  93  6:22  SCV x2, Medivac x2  
  93  6:23  SCV  
  100  6:30  Supply Depot, Marauder  
  100  6:32  Supply Depot, Marauder  
  104  6:35  SCV x3, Marine x2  
  109  6:40  Terran Infantry Armor Level 1  
  109  6:41  Refinery  
  109  6:42  Refinery  
  109  6:47  SCV x3, Barracks Tech Lab  
  111  6:48  Concussive Shells  
  111  6:52  Medivac  
  111  6:53  Marine x2  
  116  6:57  Medivac  
  116  6:59  SCV x2, Factory Tech Lab  
  120  7:03  Marauder x2  
  120  7:05  SCV  
  120  7:06  Supply Depot  
  120  7:07  Supply Depot  
  125  7:09  Bunker, Marine x2  
  125  7:11  SCV, Marauder  
  125  7:15  SCV, Supply Depot  
  131  7:17  SCV  
  131  7:19  Supply Depot  
  131  7:20  Marine  
  133  7:27  Marine  
  133  7:28  Medivac x2, Siege Tank  
  141  7:34  Marauder x3  
  141  7:35  Marine x2  
  149  7:42  Command Center  
  149  7:49  Armory  
  149  7:50  Engineering Bay  
  148  7:56  Marauder  
  148  7:57  Viking x2, Marauder  
  148  7:58  Marauder  
  157  8:01  Marine x2  
  157  8:02  Marine x2  
  155  8:17  SCV x2  
  155  8:18  SCV  
  155  8:21  Marauder x3, Marine x2  
  155  8:22  Ghost Academy, Marine  
  163  8:27  Marine  
  163  8:29  SCV  
  163  8:32  Supply Depot  
  163  8:33  Viking x2, SCV  
  170  8:35  Supply Depot  
  170  8:38  Supply Depot  
  170  8:39  Marine  
  171  8:45  Starport  
  171  8:47  Terran Infantry Armor Level 2, Terran Infantry Weapons Level 2  
  171  8:48  Terran Ship Weapons Level 1  
  171  8:50  Factory Reactor  
  159  8:56  Marauder  
  159  8:57  Marauder  
  159  8:58  Marine x2  
  159  8:59  Marine x2  
  159  9:00  Marauder  
  146  9:05  SCV x2  
  140  9:11  SCV  
  140  9:16  Viking x2, Marine x2  
  142  9:17  Marauder  
  142  9:18  Marauder  
  142  9:21  Marauder  
  148  9:27  Enhanced Shockwaves  
  148  9:30  Unknown  
  148  9:32  Marine x2  
  148  9:37  Missile Turret  
  148  9:38  Ghost  
  150  9:39  Planetary Fortress, Ghost, Missile Turret  
  150  9:40  Missile Turret  
  150  9:43  Marine x3  
  157  9:48  Barracks  
  157  9:55  Medivac x2  
  157  9:56  Barracks  
  157  9:57  Barracks  
  161  10:01  Marauder, Marine x3  
  161  10:02  Marine  
  169  10:07  Marauder  
  169  10:08  Marauder  
  169  10:09  Sensor Tower  
  171  10:17  Command Center  
  175  10:23  Marauder  
  175  10:26  Marine x2  
  175  10:27  Marine x2  
  179  10:28  Marauder  
  179  10:30  Marauder, Fusion Core  
  177  10:40  Ghost  
  179  10:43  Ghost  
  179  10:44  Marine x3  
  179  10:49  Ghost  
  187  10:50  Barracks Tech Lab  
  187  10:51  Marauder  
  187  10:52  Terran Ship Weapons Level 2, Marine  
  187  10:55  Barracks Reactor  
  189  11:02  Marine  
  184  11:09  Marauder  
  184  11:10  Terran Infantry Weapons Level 3, Terran Infantry Armor Level 3  
  181  11:12  Marauder  
  181  11:14  Marauder, Marine x2  
  181  11:16  Viking x2  
  181  11:17  Marauder  
  193  11:23  Advanced Ballistics  
  193  11:24  Command Center  
  193  11:25  Command Center  
  187  11:46  Liberator x2  
  187  11:47  Liberator  
  196  12:00  Refinery  
  194  12:04  Ghost  
  194  12:05  Marauder x2  
  200  12:12  Planetary Fortress  
  200  12:19  Refinery  
  199  12:51  Liberator x4  
  189  12:55  Marine  
  189  12:56  Marauder x2, Marine x2  
  191  12:59  Marine x2  
  193  13:10  Orbital Command, Command Center, Starport  
  193  13:11  Command Center, Orbital Command  
  193  13:18  Ghost  
  193  13:19  Marauder  
  199  13:20  Marauder  
  199  13:23  Command Center  

Tags
 
Add a new tag
Caveats
  • Supply blocks, unpowered buildings, or Contaminate may cause inaccurate times.
  • Supply counts are checked every 10 seconds.